 Dungeon Crawl Stone Soup version 0.24.1-14-gf8d2b509d9 (webtiles) character file.

Game seed: 14578179965059209783, levelgen mode: deterministic

56 Hugehornet the Cudgeler (level 3, 0/23 HPs)
             Began as a Gargoyle Fighter on May 18, 2020.
             Slain by a gnoll
             ... wielding a +0 halberd
              (6 damage)
             ... on level 2 of the Dungeon.
             The game lasted 00:02:20 (1232 turns).

Hugehornet the Cudgeler (Gargoyle Fighter)          Turns: 1232, Time: 00:02:21

Health: 0/23       AC: 11    Str: 17    XL:     3   Next: 95%
Magic:  3/3        EV:  7    Int:  8    God:
Gold:   64         SH:  8    Dex:  9    Spells: 2/2 levels left

rFire    . . .     SeeInvis +   a - +0 flail
rCold    . . .     Gourm    .   c - +0 shield
rNeg     + . .     Faith    .   b - +0 scale mail
rPois    ∞         Spirit   .   (no helmet)
rElec    +         Reflect  .   (no cloak)
rCorr    .         Harm     .   g - +0 pair of gloves
MR       .....                  (no boots)
Stlth    ..........             (no amulet)
HPRegen  0.07/turn              m - ring of see invisible
MPRegen  0.08/turn              p - -3 ring of strength (curse)

@: no status effects
A: negative energy resistance 1, electricity resistance, unbreathing,
petrification resistance, rot immunity, AC +3
a: no special abilities


You were on level 2 of the Dungeon.
You were not hungry.

You visited 1 branch of the dungeon, and saw 2 of its levels.

You collected 64 gold pieces.

Inventory:

Hand Weapons
 a - a +0 flail (weapon)
Armour
 b - a +0 scale mail (worn)
 c - a +0 shield (worn)
 g - a +0 pair of gloves (worn)
Jewellery
 m - a ring of see invisible (left hand)
 p - a cursed -3 ring of strength (right hand)
Scrolls
 k - a scroll of teleportation
Potions
 d - a potion of might
 e - a potion of curing
 h - a potion of cancellation
 i - a potion of haste
 j - a potion of ambrosia {unknown}
Comestibles
 f - 6 rations


   Skills:
 - Level 3.2 Fighting
 + Level 4.1 Maces & Flails
 - Level 3.2 Armour
 - Level 3.2 Shields


You had 2 spell levels left.
You didn't know any spells.
Your spell library was empty.

Dungeon Overview and Level Annotations

Branches:
Dungeon (2/15)

Altars:


Innate Abilities, Weirdness & Mutations

You are resistant to torment.
Your stone body is resilient. (AC +3)
You are immune to poison.
You resist negative energy. (rN+)
You are resistant to electric shocks. (rElec)
You can survive without breathing.
You are immune to petrification.
You are immune to rotting.


Message History

You are too injured to fight recklessly!
You are too injured to fight recklessly!
You are too injured to fight recklessly!
You are too injured to fight recklessly!
You are too injured to fight recklessly!
You are too injured to fight recklessly!
You are too injured to fight recklessly!
You are too injured to fight recklessly!
You are too injured to fight recklessly!
You are too injured to fight recklessly!
You are too injured to fight recklessly!
You are too injured to fight recklessly!
You are too injured to fight recklessly!
You are too injured to fight recklessly!
You are too injured to fight recklessly!
You hit the gnoll.
The gnoll is almost dead.
You block the giant cockroach's attack. The gnoll hits you but does no damage.
The gnoll hits you from afar with a +0 halberd.
You die...

. #.....[.... .
#.......... .
#.......... .
#.)........ .
#$......... .
#....g..... .
#..)s...... .
#..@g...... .
#...r...... #
#..........
####################
#.........
#.#######.
#.#.....#.
#.##.##.#.
#.##......


You could see 2 gnolls, a giant cockroach and a rat.

Vanquished Creatures
  A gnoll (D:2)
  An adder (D:2)
  A dart slug (D:1)
  A leopard gecko (D:1)
  5 bats (D:1)
  2 giant cockroaches
  5 hobgoblins
  4 jackals (D:1)
  2 ball pythons
  2 frilled lizards
  2 goblins
  2 kobolds
  8 rats
36 creatures vanquished.

Notes
Turn   | Place    | Note
-------+----------+-------------------------------------------
     0 | D:1      | Hugehornet the Gargoyle Fighter began the quest for the
                  | Orb.
     0 | D:1      | Reached XP level 1. HP: 14/14 MP: 1/1
    55 | D:1      | Reached XP level 2. HP: 19/19 MP: 2/2
   251 | D:1      | Reached skill level 3 in Maces & Flails
   358 | D:1      | Reached XP level 3. HP: 23/23 MP: 3/3
  1229 | D:2      | Reached skill level 4 in Maces & Flails
  1232 | D:2      | Slain by a gnoll

Levels and vault maps discovered:
D:1:      dpeg_arrival_shelter, layout_loops_ring, minivault_26
D:2:      layout_basic

Skill      XL: |  1  2  3 |
---------------+----------+-----
Maces & Flails | 3 4 |  4.1
Fighting       | |  3.2
Armour         | |  3.2
Shields        | |  3.2

Action                   || total
-------------------------++-------
Melee: Flail             ||   153
  Use: Scroll            ||     7
  Eat: Chunk             ||     1
Armor: Scale mail        ||    98
Dodge: Dodged            ||    54
Block: Shield            ||    88
